 Dungeon Crawl Stone Soup version 0.31-a0-161-gb58dd9be76 (webtiles) character file.

Game seed: 11442141647171012558

79554 mandarbmax the Fighter (level 15, 0/163 HPs)
             Began as an Ogre Transmuter on June 13, 2023.
             Was the Champion of Qazlal.
             Shot with an arrow by a centaur warrior (15 damage)
             ... on level 13 of the Dungeon.
             The game lasted 01:05:40 (26801 turns).

mandarbmax the Fighter (Ogre Transmuter)           Turns: 26801, Time: 01:05:45

Health: 0/163      AC: 11    Str: 18    XL:     15   Next: 64%
Magic:  8/25       EV: 13    Int: 18    God:    Qazlal [******]
Gold:   1894       SH: 13    Dex: 11    Spells: 5/28 levels left

rFire   . . .        M - melded staff of cold "Ebytryb" {rC+ rN+ MP+9 Int+4 Stlth+}
rCold   . . .        (shield currently unavailable)
rNeg    . . .        p - +1 robe {Will+}
rPois   .            (helmet restricted)
rElec   .            h - scarf {+Inv}
rCorr   .            (gloves unavailable)
SInv    .            (boots unavailable)
Will    +++..        y - amulet of reflection
Stlth   +            i - +4 ring of protection
HPRegen 0.47/turn    x - ring of willpower
MPRegen 0.19/turn

%: repel missiles, reflection
@: about to teleport, blade hands, wereblooded, protected from physical damage,
on berserk cooldown, very slightly contaminated, slowed, very slow
A: large, unfitting armour, tough skin 1, mutation resistance 1, screaming 1
a: End Transformation, Renounce Religion, Evoke Invisibility, Upheaval,
Elemental Force, Disaster Area


You were on level 13 of the Dungeon.
You worshipped Qazlal.
Qazlal was exalted by your worship.
You had blades for hands.
You visited 3 branches of the dungeon, and saw 20 of its levels.

You collected 2320 gold pieces.
You spent 426 gold pieces at shops.

Inventory:

Missiles
 q - a throwing net
Armour
 h - a scarf of invisibility (worn)
 p - a +1 robe of willpower (worn)
 B - +0 acid dragon scales
 C - a +2 robe of fire resistance
 Q - +0 ice dragon scales
Magical Staves
 M - the staff of cold "Ebytryb" (melded) {rC+ rN+ MP+9 Int+4 Stlth+}
   (You bought it in a shop on level 3 of the Dungeon)

   [staff of cold]

   Base accuracy: +5 Base damage: 5 Base attack delay: 1.2 This weapon's minimum
   attack delay (0.6) is reached at skill level 12.
   Int:       It affects your intelligence (+4).
   rC:        It protects you from cold.
   rN:        It protects you from negative energy.
   MP:        It affects your magic capacity (+9).
   Stlth:     It makes you more stealthy.
   It falls into the 'Staves' category.
   It is a one-handed weapon.
Jewellery
 f - a ring of protection from fire
 i - a +4 ring of protection (left blade hand)
 o - a ring of positive energy
 s - a ring of flight
 x - a ring of willpower (right blade hand)
 y - an amulet of reflection (around neck)
 O - a ring of fire
Wands
 g - a wand of polymorph (23)
 k - a wand of paralysis (27)
 z - a wand of flame (28)
 G - a wand of roots (20)
 I - a wand of mindburst (7)
Scrolls
 e - a scroll of summoning
 j - 5 scrolls of fear
 r - 2 scrolls of revelation
 u - 6 scrolls of vulnerability
 v - 3 scrolls of immolation
 D - a scroll of silence
 E - 2 scrolls of enchant weapon
 K - 2 scrolls of enchant armour
Potions
 b - a potion of lignification
 c - a potion of invisibility
 d - 2 potions of berserk rage
 l - 2 potions of magic
 m - 3 potions of heal wounds
 n - 3 potions of mutation
 t - a potion of brilliance
 w - a potion of resistance
 A - 3 potions of haste {unknown}
 F - 2 potions of curing
 H - 2 potions of attraction {unknown}
 J - 2 potions of might
 L - a potion of enlightenment {unknown}
 N - a potion of ambrosia {unknown}
Miscellaneous
 P - a lightning rod (4/4)
 R - a phantom mirror


   Skills:
 + Level 14.1 Fighting
 - Level 10.0 Dodging
 - Level 14.0 Unarmed Combat
 - Level 7.0 Spellcasting
 - Level 10.0 Transmutations
 - Level 3.0 Ice Magic
 - Level 4.0 Earth Magic
 - Level 2.0 Poison Magic
 - Level 10.0 Invocations
 - Level 6.0 Evocations


You had 5 spell levels left.
You knew the following spells:

 Your Spells              Type           Power      Damage    Failure   Level
a - Beastly Appendage     Tmut           84%        N/A       9%          1
b - Wereblood             Tmut           42%        N/A       10%         2
c - Spider Form           Tmut/Pois      27%        N/A       24%         3
d - Ice Form              Ice/Tmut       29%        N/A       41%         4
e - Blade Hands           Tmut           21%        N/A       32%         5
f - Statue Form           Tmut/Erth      20%        N/A       95%         6
g - Blink                 Tloc           12%        N/A       56%         2

Your spell library contained the following spells:

 Spells                   Type           Power      Damage    Failure   Level
 Magic Dart               Conj           24%        1d4       47%         1
 Call Imp                 Summ           12%        N/A       56%         2
 Lesser Beckoning         Tloc           12%        N/A       56%         2
 Momentum Strike          Conj/Tloc      12%        3d8       56%         2
 Searing Ray              Conj           12%        2d4       56%         2
 Mephitic Cloud           Conj/Pois/Air  8%         N/A       69%         3
 Dazzling Flash           Conj/Hex       12%        N/A       75%         3
 Portal Projectile        Hex/Tloc       12%        N/A       75%         3
 Summon Guardian Golem    Hex/Summ       6%         N/A       75%         3
 Tukima's Dance           Hex            6%         N/A       75%         3
 Volatile Blastmotes      Fire/Tloc      12%        2d11      75%         3
 Animate Armour           Summ/Erth      26%        N/A       83%         4
 Leda's Liquefaction      Hex/Erth       6%         N/A       83%         4
 Fulminant Prism          Conj/Hex       3%         3d5       96%         4
 Iskenderun's Mystic Bla  Conj/Tloc      6%         2d4       96%         4
 Starburst                Conj/Fire      3%         6d3       100%        6
 Orb of Destruction       Conj           3%         9d5       100%        7
 Spellforged Servitor     Conj/Summ      3%         N/A       100%        7


Dungeon Overview and Level Annotations

Branches:
Dungeon (13/15)            Temple (0/1) D:6            Lair (5/5) D:11
 Shoals (0/4) Lair:2        Snake (0/4) Lair:2          Orc (2/2) D:11
    Elf (0/3) Orc:2
  Slime: Lair:4-5    Vaults: D:13-14

Altars:
Ashenzari
Cheibriados
Dithmenos
Fedhas
Gozag
Qazlal
Uskayaw
Vehumet
Wu Jian
Xom
Yredelemnul
The Shining One

Shops:
D:3 *   D:7 :   Orc:2 !:([

Annotations:
D:4 1 runed translucent door, Crazy Yiuf
Lair:1 3 runed translucent doors, Onniptox's ghost, novice DrCj
Lair:5 exclusion: 2 oklob plants


Innate Abilities, Weirdness & Mutations

You have blades for hands.
Your spellcasting is less reliable in this form.
You are incapable of wielding weapons or throwing items.
You are too large for most types of armour.
You have tough skin. (AC +1)
You are somewhat resistant to further mutation.
You occasionally shout uncontrollably at your foes.


Message History

You block the large rock with an invisible shield... and reflect it back!
The large rock hits the cyclops!!
Training target 10.0 for Transmutations reached!
Your Transmutations skill increases to level 10!
You need to enable at least one skill for training.
You are too berserk!
You feel a strong urge to attack something.
You hear a shout!
The deep elf pyromancer points at you and mumbles some strange words.
The bolt of fire hits you!
* * * LOW HITPOINT WARNING * * *
Things that are here:
a +0 war axe; 20 gold pieces You hear a horrible gurgling sound!
You hear a shout!
The cyclops misses you.
Unknown command.
You shred the cyclops!!!
You feel a bit better.
You kill the cyclops!
Qazlal accepts your kill.
You hear a shout!
You howl as the wereblood boils in your veins!
Things that are here:
5 large rocks; a cyclops corpse You feel a strong urge to attack something.
You hear a horrible gurgling sound!
Unknown command.
You are no longer berserk.
You are exhausted.
You feel yourself slow down.
You hear a horrible gurgling sound!
You hear a shout!
A centaur comes into view.
The meliai calls upon its god to heal the meliai zombie.
The meliai zombie is healed somewhat.
As you read the scroll of teleportation, it crumbles to dust.
You feel strangely unstable.
You hear a shout! x2
A centaur warrior comes into view.
A centaur comes into view.
The centaur warrior wields a +0 shortbow.
The centaur warrior shoots an arrow.
The arrow hits you!
You die...

.....>......Z...# ..
.....§.§.................##..
....#§§.§......e...#..........
....§§§.§.. .......##.......).
.###§§§§... o##.e.§..........
. #..§§.. ##Z○y...##.....
#@##.#.## ......○§.#####
.....§..## ........# .......cc
........c .####..z. ......


You could see a skeletal warrior, a centaur warrior, a deep elf pyromancer, a
meliai, 2 centaurs and a meliai zombie.

Vanquished Creatures
  An orc warlord (Orc:1)
  A dire elephant (Lair:5)
  2 vault guards (D:13)
  An ice dragon (Lair:5)
  2 ogre magi (Orc:1)
  3 hydras
  2 catoblepae
  4 centaur warriors
  A tengu warrior (D:12)
  3 death yaks (Lair:5)
  A two-headed ogre (D:10)
  A death knight (D:13)
  3 skeletal warriors
  2 skysharks
  12 spriggans (Lair:4)
  Pikel (D:4)
  A deep elf pyromancer (D:13)
  5 lindwurms (Lair:5)
  5 orc sorcerers (Orc:1)
  2 orc knights (Orc:2)
  3 manticores
  An ugly thing (D:12)
  A cyclops (D:13)
  5 centaur zombies (D:13)
  A salamander (shapeshifter) (D:12)
  A merfolk siren (Lair:2)
  2 black mambas
  13 elephants
  Maurice (D:8)
  5 torpor snails (Lair:5)
  10 cane toads
  Psyche (D:11)
  A kobold demonologist (D:10)
  4 rime drakes
  6 komodo dragons
  A freezing wraith (D:13)
  6 trolls
  4 tyrant leeches (Lair:5)
  4 polar bears
  16 hornets
  5 blink frogs
  A meliai zombie (D:13)
  14 dream sheep
  5 shadows
  A vampire (D:13)
  38 yaks
  3 wraiths
  8 wyverns
  8 basilisks
  3 steam dragons
  3 vampire mosquitoes (D:11)
  2 wargs (Orc:1)
  Menkaure (D:7)
  10 water moccasins
  3 acid dragons
  A floating eye (Orc:1)
  2 black bears
  39 orc warriors
  4 ogres
  3 boggarts (Lair:4)
  8 wolves (Lair:1)
  11 centaurs
  A kobold brigand (D:10)
  17 bullfrogs
  2 gnoll sergeants
  6 scorpions
  13 killer bees
  10 howler monkeys
  17 orc priests
  A gnoll bouda (D:6)
  4 hounds
  Ijyb (D:4)
  Terence (D:3)
  Natasha (twice) (D:4)
  A boggart zombie (D:13)
  4 iguanas
  24 orc wizards
  13 gnolls
  8 adders
  2 shadow imps
  2 ufetubi
  4 dart slugs
  76 orcs
  5 endoplasms
  4 giant cockroaches
  9 goblins
  8 hobgoblins
  2 jackals (D:3)
  10 quokkas
  3 ball pythons
  9 bats
  3 frilled lizards
  12 kobolds
  6 rats
592 creatures vanquished.

Vanquished Creatures (collateral kills)
  A vampire (D:10)
1 creature vanquished.

Vanquished Creatures (others)
  A vampire (D:13)
  An orc wizard (Orc:1)
2 creatures vanquished.

Grand Total: 595 creatures vanquished

Notes
Turn   | Place    | Note
-------+----------+-------------------------------------------
     0 | D:1      | mandarbmax the Ogre Transmuter began the quest for the Orb.
     0 | D:1      | Reached XP level 1. HP: 19/19 MP: 3/3
   153 | D:1      | Reached XP level 2. HP: 26/28 MP: 3/5
   194 | D:1      | Learned a level 2 spell: Wereblood
   506 | D:1      | Reached XP level 3. HP: 31/36 MP: 4/6
  1341 | D:2      | Reached XP level 4. HP: 20/44 MP: 3/7
  1749 | D:3      | Learned a level 3 spell: Spider Form
  1812 | D:3      | Found a hide-covered altar of Uskayaw.
  1842 | D:3      | Noticed Terence
  1859 | D:3      | Killed Terence
  1860 | D:3      | Reached XP level 5. HP: 31/53 MP: 5/9
  2029 | D:3      | Found a glowing golden altar of the Shining One.
  2178 | D:3      | Identified the +0 leather armour of Fabohad {rElec Dex+4
                  | Slay+3}
  2185 | D:3      | Found Tihic's Assorted Antiques.
  2427 | D:3      | Found a faded altar of an unknown god.
  2432 | D:3      | Prayed at the altar of an unknown god.
  2432 | D:3      | Became a worshipper of Qazlal Stormbringer
  2432 | D:3      | Reached * piety under Qazlal
  2741 | D:4      | Noticed Ijyb
  2741 | D:4      | Paralysed by Ijyb for 3 turns
  2748 | D:4      | Paralysed by Ijyb for 2 turns
  2759 | D:4      | Killed Ijyb
  2909 | D:4      | Found a large runed translucent door.
  2910 | D:4      | Found a large runed translucent door.
  2920 | D:4      | Reached skill level 1 in Poison Magic
  3145 | D:4      | Noticed a lemure
  3146 | D:4      | Noticed a lemure
  3146 | D:4      | Noticed Pikel
  3148 | D:4      | Noticed a lemure
  3150 | D:4      | Noticed a lemure
  3163 | D:4      | Killed Pikel
  3164 | D:4      | Reached skill level 5 in Unarmed Combat
  3164 | D:4      | Reached skill level 1 in Evocations
  3164 | D:4      | Reached XP level 6. HP: 37/63 MP: 3/10
  3164 | D:4      | Reached XP level 7. HP: 41/71 MP: 3/11
  3437 | D:4      | Noticed Natasha
  3444 | D:4      | Killed Natasha
  3545 | D:4      | Noticed Natasha
  3551 | D:4      | Killed Natasha
  3847 | D:4      | Found a runed translucent door.
  3848 | D:4      | Noticed Crazy Yiuf
  3961 | D:4      | Found an ornate altar of the Wu Jian Council.
  3968 | D:4      | Found a basalt altar of Yredelemnul.
  4131 | D:5      | Entered Level 5 of the Dungeon
  4260 | D:5      | Reached XP level 8. HP: 79/79 MP: 6/12
  4314 | D:5      | Reached skill level 5 in Fighting
  4547 | D:5      | Found a broken altar of Ashenzari.
  5043 | D:5      | Learned a level 4 spell: Ice Form
  5169 | D:5      | Reached ** piety under Qazlal
  5328 | D:5      | Found a shadowy altar of Dithmenos.
  5405 | D:5      | Found an opulent altar of Gozag.
  6107 | D:6      | Found a staircase to the Ecumenical Temple.
  6115 | D:6      | Reached XP level 9. HP: 89/89 MP: 9/13
  6861 | D:7      | Found Roergh's Book Boutique.
  7015 | D:3      | Bought a blue potion for 24 gold pieces
  7015 | D:3      | Bought a black potion for 24 gold pieces
  7015 | D:3      | Bought a scroll of identify for 54 gold pieces
  7455 | D:7      | Noticed Menkaure
  7463 | D:7      | Killed Menkaure
  7885 | D:8      | Reached skill level 5 in Invocations
  7887 | D:8      | Reached skill level 5 in Transmutations
  8059 | D:8      | Reached *** piety under Qazlal
  8161 | D:8      | Found a blossoming altar of Fedhas.
  8161 | D:8      | Noticed Maurice
  8170 | D:8      | Reached XP level 10. HP: 88/104 MP: 5/14
  8208 | D:8      | Killed Maurice
  9008 | D:9      | Reached skill level 5 in Evocations
  9138 | D:9      | Learned a level 5 spell: Blade Hands
  9531 | D:9      | Found a radiant altar of Vehumet.
 10009 | D:10     | Entered Level 10 of the Dungeon
 10009 | D:10     | Noticed a two-headed ogre
 10848 | D:10     | Noticed a kobold demonologist
 10850 | D:10     | Reached skill level 1 in Ice Magic
 10852 | D:10     | Reached XP level 11. HP: 114/115 MP: 11/16
 11182 | D:10     | Reached XP level 12. HP: 109/123 MP: 11/17
 11192 | D:10     | Killed a two-headed ogre
 11658 | D:11     | Reached **** piety under Qazlal
 11737 | D:11     | Noticed Psyche
 11962 | D:11     | Killed Psyche
 12032 | D:11     | Found a staircase to the Lair.
 12261 | D:11     | Found a staircase to the Orcish Mines.
 12410 | Lair:1   | Entered Level 1 of the Lair of Beasts
 12473 | Lair:1   | Found a shimmering altar of Xom.
 12617 | Lair:1   | Reached skill level 10 in Unarmed Combat
 12682 | Lair:1   | Gained mutation: You are vulnerable to cold. (rC-)
                  | [mutagenic glow]
 12690 | Lair:1   | Gained mutation: Your spells are a little easier to cast,
                  | but a little less powerful. [mutagenic glow]
 12692 | Lair:1   | Found a runed translucent gate.
 12692 | Lair:1   | Found a runed translucent gate.
 12810 | Lair:1   | Found a runed translucent gate.
 12810 | Lair:1   | Noticed Onniptox's ghost (novice DrCj)
 13655 | Lair:2   | Reached skill level 10 in Fighting
 13655 | Lair:2   | Noticed a skyshark
 13815 | Lair:2   | Killed a skyshark
 13832 | Lair:2   | Reached XP level 13. HP: 102/133 MP: 8/18
 14074 | Lair:2   | Reached ***** piety under Qazlal
 14107 | Lair:2   | Found a staircase to the Shoals.
 14663 | Lair:2   | Found a snail-covered altar of Cheibriados.
 14674 | Lair:2   | Found a staircase to the Snake Pit.
 14744 | Lair:2   | You are sucked into a shaft and drop 2 floors!
 14767 | Lair:3   | Lost mutation: You are vulnerable to cold. (rC-) [potion of
                  | mutation]
 14767 | Lair:3   | Lost mutation: Your spells are a little easier to cast, but
                  | a little less powerful. [potion of mutation]
 14767 | Lair:3   | Gained mutation: You occasionally shout uncontrollably at
                  | your foes. [potion of mutation]
 14767 | Lair:3   | Gained mutation: You are occasionally teleported next to
                  | monsters. [potion of mutation]
 14767 | Lair:3   | Gained mutation: You are somewhat resistant to further
                  | mutation. [potion of mutation]
 15993 | D:3      | Bought an ancient staff for 324 gold pieces
 15993 | D:3      | Identified the staff of cold "Ebytryb" {rC+ rN+ MP+9 Int+4
                  | Stlth+} (You bought it in a shop on level 3 of the Dungeon)
 17900 | Lair:5   | Entered Level 5 of the Lair of Beasts
 17993 | Lair:5   | Reached XP level 14. HP: 39/135 MP: 0/21
 18432 | Lair:5   | Reached skill level 10 in Invocations
 18913 | Lair:5   | Got Sif Muna's Compilation of Called Grit
 19312 | Lair:5   | Found a runed translucent door.
 19672 | Lair:5   | Paralysed by a hornet for 1 turns
 19994 | Lair:5   | Gained mutation: You occasionally lose the ability to drink
                  | potions when taking damage. [mutagenic glow]
 20039 | Lair:5   | Lost mutation: You occasionally lose the ability to drink
                  | potions when taking damage. [potion of mutation]
 20039 | Lair:5   | Lost mutation: You are occasionally teleported next to
                  | monsters. [potion of mutation]
 20682 | Lair:5   | Noticed a dire elephant
 20706 | Lair:5   | Killed a dire elephant
 21740 | Orc:1    | Entered Level 1 of the Orcish Mines
 21749 | Orc:1    | Learned a level 6 spell: Statue Form
 21772 | Orc:1    | Reached skill level 10 in Dodging
 22071 | Orc:1    | Reached skill level 5 in Spellcasting
 22079 | Orc:1    | Paralysed by a hornet for 2 turns
 22086 | Orc:1    | Reached skill level 1 in Earth Magic
 22086 | Orc:1    | HP: 5/146 [orc sorcerer/bolt of negative energy (32)]
 23266 | Orc:1    | Noticed an orc warlord
 23292 | Orc:1    | Killed an orc warlord
 23293 | Orc:1    | Reached XP level 15. HP: 91/139 MP: 18/22
 23311 | Orc:1    | Reached ****** piety under Qazlal
 23591 | Orc:2    | Entered Level 2 of the Orcish Mines
 23786 | Orc:2    | Found a staircase to the Elven Halls.
 24698 | Orc:2    | Found Gohol's Book Emporium.
 24698 | Orc:2    | Found Jujuikox's Weapon Shop.
 24700 | Orc:2    | Found Taihal's Antique Armour Boutique.
 24702 | Orc:2    | Found Xedi's Distillery.
 25135 | D:12     | Learned a level 2 spell: Blink
 26795 | D:13     | Reached skill level 10 in Transmutations
 26801 | D:13     | Shot with an arrow by a centaur warrior

Illustrated notes

Levels and vault maps discovered:
D:1:      dpeg_arrival_shrine, layout_loops_ring
D:2:      layout_rooms
D:3:      layout_loops_ring, mainiacjoe_overflow_large_starburst,
          hellmonk_ecumenical_altar_heavens_door, serial_shops, shop,
          uniq_terence
D:4:      layout_cave_pods, jmf_multi_god_temple2, kennysheep_generic_room_5,
          uniq_pikel, uniq_crazy_yiuf_cottage, uniq_ijyb, uniq_natasha
D:5:      layout_basic, general_overflow_altar, mainiacjoe_overflow_alcove_2,
          mainiacjoe_overflow_boulevard
D:6:      layout_basic, temple_statues
D:7:      layout_basic, serial_shops, shop, uniq_menkaure
D:8:      layout_loops_ring, nicolae_overflow_crystal_walls, uniq_maurice
D:9:      layout_basic, lemuel_tele_altar
D:10:     layout_loops_ring
D:11:     layout_basic, lair_entry_dummy, orc_0_dummy, uniq_psyche
D:12:     layout_basic, kennysheep_pointless_box
D:13:     slaughterhouse, layout_cave_pools, lightli_vaults_fourway_checkpoint,
          serial_undead, serial_undead_d, serial_undead_a, serial_undead_f,
          serial_undead_a, serial_undead_c, serial_undead_a, serial_undead_b,
          special_room [special_room_bee], minmay_sticks_and_stones
Lair:1:   layout_layer_cave, gammafunk_ghost_necromancy, basic_altar,
          minivault_23, wad_woods_road_06, ldierk_geyser
Lair:2:   layout_gridlike, minmay_shoals_entry_lonely_mermaid,
          dummy_snake_entry, basic_altar
Lair:3:   layout_hall_layers
Lair:4:   kb_forest_paths, layout_misc_corridors
Lair:5:   hangedman_lair_in_review, layout_hall_layers, wormcave,
          minmay_slime_entry_oklob_enclosed, serial_bayou_pond_d,
          nicolae_lair_lindhole
Orc:1:    hellmonk_paralyzer, layout_caves, hellmonk_bongcloud_opening
Orc:2:    st_orc_rangers, layout_caves

Skill      XL: |  1  2  3  4  5  6  7  8  9 10 11 12 13 14 15 |
---------------+----------------------------------------------+-----
Unarmed Combat | 3 5 6 8 9 10 12 13 14 | 14.0
Dodging        | 2 8 9 10 | 10.0
Fighting       | 2 3 4 6 7 9 10 12 13 14 | 14.1
Transmutations | 2 3 4 5 7 8 10 | 10.0
Spellcasting   | 3 5 7 |  7.0
Poison Magic   | 2 |  2.0
Invocations    | 2 4 5 6 7 9 10 | 10.0
Evocations     | 1 2 3 4 5 6 |  6.0
Ice Magic      | 1 3 |  3.0
Earth Magic    | 1 4 |  4.0

Action                     |  1- 3 |  4- 6 |  7- 9 | 10-12 | 13-15 || total
---------------------------+-------+-------+-------+-------+-------++-------
  Melee: Unarmed           |   101 |   119 |   258 |   391 |   642 ||  1511
         Kick              |    21 |    14 |       |       |     1 ||    36
         Headbutt          |    13 |    10 |       |       |       ||    23
         Punch             |       |       |     1 |     7 |    40 ||    48
         Staff             |       |       |       |       |     3 ||     3
   Cast: Beastly Appendage |    32 |    26 |     1 |       |     1 ||    60
         Wereblood         |     9 |     8 |    17 |    25 |    72 ||   131
         Spider Form       |       |     5 |    43 |    31 |     4 ||    83
         Ice Form          |       |       |       |     2 |    22 ||    24
         Blade Hands       |       |       |       |     7 |    56 ||    63
 Invoke: Disaster Area     |       |       |       |       |     1 ||     1
         Upheaval          |       |       |       |       |     1 ||     1
Ability: Evoke Invisibilit |       |       |       |     1 |     4 ||     5
         End Transformatio |       |       |       |       |     5 ||     5
    Use: Potion            |       |     4 |       |     1 |     8 ||    13
         Scroll            |       |     1 |     9 |     6 |    12 ||    28
   Stab: Invisible         |       |       |       |     2 |     8 ||    10
         Petrified         |       |       |       |       |     9 ||     9
 Armour: Robe              |    34 |    23 |     2 |    17 |   123 ||   199
         Skin              |       |     9 |    42 |    31 |    59 ||   141
  Dodge: Dodged            |    45 |    45 |   180 |   251 |   351 ||   872
         Repelled          |       |       |       |       |    12 ||    12
  Block: Other             |       |     2 |    18 |   160 |   400 ||   580
         Reflection        |       |       |       |       |    83 ||    83

Table legend: (Time is in decaauts)
 A = Elapsed time spent in this place.
 B = Non-inter-level travel time spent in this place.
 C = Inter-level travel time spent in this place.
 D = Time resting spent in this place.
 E = Time spent auto-exploring this place.
 F = Levels seen in this place.
 G = Mean time per level.
                   A        B        C        D        E       F      G
               +--------+--------+--------+--------+--------+-----+--------+
         Total |  26602 |  24924 |   1678 |   1702 |  19628 |  20 | 1330.1 |
       Dungeon |  14909 |  13832 |   1077 |   1023 |  10762 |  13 | 1146.8 |
          Lair |   8891 |   8394 |    497 |    569 |   6774 |   5 | 1778.2 |
  Orcish Mines |   2802 |   2699 |    103 |    110 |   2092 |   2 | 1401.0 |
               +--------+--------+--------+--------+--------+-----+--------+

Top non-repeatable levels by time:
  Lair:5: 3145 daAuts
  Lair:4: 2083 daAuts
    D:12: 1810 daAuts
   Orc:1: 1776 daAuts
     D:5: 1565 daAuts
     D:4: 1551 daAuts
     D:9: 1508 daAuts
  Lair:1: 1482 daAuts
    D:10: 1250 daAuts
    D:11: 1224 daAuts
  Lair:2: 1119 daAuts
     D:8: 1082 daAuts
     D:6: 1079 daAuts
  Lair:3: 1059 daAuts
     D:3: 1054 daAuts
